 Dungeon Crawl Stone Soup version 0.19.5 (webtiles) character file.

263 Rrauwl the Chopper (level 6, -1/51 HPs)
             Began as a Hill Orc Warper on Mar 13, 2017.
             Was a Believer of Vehumet.
             Slain by an orc priest
             ... wielding a +0 flail
              (4 damage)
             ... on level 3 of the Dungeon.
             The game lasted 00:21:08 (2595 turns).

Rrauwl the Chopper (Hill Orc Warper)                Turns: 2595, Time: 00:21:09

Health: -1/51      AC:  3    Str: 15    XL:     6   Next: 19%
Magic:  9/9        EV: 12    Int: 14    God:    Vehumet [**....]
Gold:   221        SH:  0    Dex: 10    Spells: 3 memorised, 4 levels left

rFire  . . .     SeeInvis .     m - +1 hunting sling (velocity)
rCold  . . .     Gourm    .     b - +0 leather armour
rNeg   . . .     Faith    .     (no shield)
rPois  .         Spirit   .     (no helmet)
rElec  .         Reflect  .     (no cloak)
rCorr  .         Harm     .     (no gloves)
MR     .....                    (no boots)
Stlth  +.........               (no amulet)
                                (no ring)
                                (no ring)

@: no status effects
A: no striking features
a: Renounce Religion, Convert to Beogh


You were on level 3 of the Dungeon.
You worshipped Vehumet.
Vehumet was pleased with you.
You were not hungry.

You visited 1 branch of the dungeon, and saw 3 of its levels.
You also visited: Sewer.

You collected 221 gold pieces.

Inventory:

Hand Weapons
 a - a +1 hand axe
 m - a +1 hunting sling of velocity (weapon)
Missiles
 e - 5 tomahawks of dispersal
 j - 8 exploding tomahawks
 k - 59 sling bullets (quivered)
 u - 3 tomahawks
Armour
 b - a +0 leather armour (worn)
Wands
 l - a wand of flame (32/48)
 p - a wand of teleportation (1/9)
 r - a wand of flame (26/48)
Scrolls
 d - 2 scrolls of blinking
 g - 4 scrolls of identify
 h - 4 scrolls of remove curse
 o - 3 scrolls of immolation
Potions
 s - a potion of agility
 t - a potion of might
Books
 c - a book of Spatial Translocations

   Spells                             Type                      Level
   a - Blink                          Translocation                2
   b - Shroud of Golubria             Charms/Translocation         2
   c - Lesser Beckoning               Translocation                3
   d - Portal Projectile              Translocation                3
   e - Teleport Other                 Translocation                3
   f - Passage of Golubria            Translocation                4
Comestibles
 f - 3 bread rations
 i - a beef jerky
 n - 2 chunks of flesh
 q - 4 meat rations


   Skills:
 - Level 3.0 Fighting
 + Level 6.5 Axes
 + Level 1.2(1.4) Slings
 - Level 1.0(1.3) Throwing
 - Level 2.1 Armour
 - Level 2.0 Dodging
 - Level 2.0 Spellcasting
 - Level 2.4 Translocations


You had 4 spell levels left.
You knew the following spells:

 Your Spells              Type           Power        Failure   Level  Hunger
a - Sandblast             Erth           #.....       30%         1    ##.....
b - Blink                 Tloc           N/A          21%         2    ###....
c - Searing Ray           Conj           #.....       43%         2    ###....


Dungeon Overview and Level Annotations

Branches:
Dungeon (3/15)

Altars:
Vehumet

Annotations:
D:3 Natasha


Message History

The sling bullet barely misses the orc priest.
The orc priest calls down the wrath of Beogh upon you.
Pain shoots through your body!
Firing (i - inventory. (,) - cycle):
k - 61 sling bullets (quivered)
Press: ? - help, Shift-Dir - straight line, f/p - orc priest
Aim: an orc priest, wielding a flail and wearing a leather armour (almost dead)
You shoot a sling bullet.
The sling bullet closely misses the orc priest.
The orc priest barely misses you.
Firing (i - inventory. (,) - cycle):
k - 60 sling bullets (quivered)
Press: ? - help, Shift-Dir - straight line, f/p - orc priest
Aim: an orc priest, wielding a flail and wearing a leather armour (almost dead)
You shoot a sling bullet.
The sling bullet barely misses the orc priest.
The orc priest shouts, "Surrender to Beogh and we'll let you live!"
The orc priest invokes the aid of Beogh against you.
Beogh smites you!
* * * LOW HITPOINT WARNING * * *
The orc priest hits you with a flail.
You die...

##### ##...# #..#.#
########### #.##.#
(.(.(..$@.####.##.#
....##.o.......##.#
o #(##.####.##.#
.(. #.####.##.#
..### #.#.......#
.( #.#.##.#..# (
..# #.#..# ###
#....# # #....#


You could see an orc priest.

Vanquished Creatures
  A crocodile (Sewer)
  2 orc wizards (D:3)
  5 adders (D:3)
  An ooze (D:3)
  2 worms (D:2)
  2 dart slugs
  7 orcs (D:3)
  3 giant cockroaches
  10 goblins
  4 hobgoblins
  4 jackals
  2 quokkas
  A ball python (D:3)
  7 bats
  6 frilled lizards
  9 kobolds
  4 rats
70 creatures vanquished.

Notes
Turn   | Place    | Note
-------+----------+-------------------------------------------
     0 | D:1      | Rrauwl the Hill Orc Warper began the quest for the Orb.
     0 | D:1      | Reached XP level 1. HP: 18/18 MP: 3/3
    81 | D:1      | Reached skill level 3 in Axes
   148 | D:1      | Reached skill level 1 in Throwing
   148 | D:1      | Reached XP level 2. HP: 20/25 MP: 4/4
   731 | D:2      | Reached XP level 3. HP: 30/30 MP: 5/5
   837 | D:2      | Found a faded altar of an unknown god.
   868 | D:2      | Became a worshipper of Vehumet
   868 | D:2      | Reached * piety under Vehumet
   868 | D:2      | Offered knowledge of Sandblast by Vehumet.
   871 | D:2      | Learned a level 1 spell: Sandblast
  1034 | D:2      | Learned a level 2 spell: Blink
  1407 | D:3      | Found a glowing drain.
  1445 | D:3      | Reached XP level 4. HP: 37/37 MP: 6/6
  1462 | Sewer    | Entered a sewer
  1471 | Sewer    | Reached skill level 4 in Axes
  1528 | Sewer    | Noticed a crocodile
  1535 | Sewer    | Killed a crocodile
  1535 | Sewer    | Reached ** piety under Vehumet
  1535 | Sewer    | Reached skill level 5 in Axes
  1535 | Sewer    | Reached XP level 5. HP: 28/45 MP: 8/8
  1709 | D:3      | Noticed Natasha
  2026 | D:3      | Offered knowledge of Searing Ray by Vehumet.
  2030 | D:3      | Learned a level 2 spell: Searing Ray
  2241 | D:3      | Reached skill level 6 in Axes
  2384 | D:3      | Reached XP level 6. HP: 31/51 MP: 9/9
  2515 | D:3      | Reached skill level 1 in Slings
  2595 | D:3      | Slain by an orc priest

Skill      XL: |  1  2  3  4  5  6 |
---------------+-------------------+-----
Axes           | 3 5 6 |  6.5
Throwing       | 1 |  1.0
Dodging        | 2 |  2.0
Armour         | 2 |  2.1
Spellcasting   | 2 |  2.0
Fighting       | 3 |  3.0
Slings         | 1 |  1.2
Translocations | |  2.4

Action                   |  1- 3 |  4- 6 || total
-------------------------+-------+-------++-------
Melee: Hand axe          |    85 |    60 ||   145
 Fire: Hunting sling     |    49 |    85 ||   134
Evoke: Wand              |       |     1 ||     1
  Use: Scroll            |     4 |     3 ||     7
       Potion            |     3 |     3 ||     6
  Eat: Chunk             |     2 |     2 ||     4
       Pizza             |       |     1 ||     1
Armor: Leather armour    |    36 |    19 ||    55
Dodge: Dodged            |    71 |    62 ||   133
